 Dungeon Crawl Stone Soup version 0.30-a0-135-g630cfc4551 (webtiles) character file.

Game seed: 1826302836123518445

291 LnG the Caller (level 6, 0/32 HPs)
             Began as a Kobold Summoner on Sept 21, 2022.
             Was an Initiate of Kikubaaqudgha.
             Slain by an iguana (13 damage)
             ... on level 4 of the Dungeon.
             The game lasted 00:15:29 (4382 turns).

LnG the Caller (Kobold Summoner)                    Turns: 4382, Time: 00:15:30

Health: 0/32       AC:  4    Str:  6    XL:     6   Next: 58%
Magic:  5/12       EV: 15    Int: 18    God:    Kikubaaqudgha [......]
Gold:   200        SH:  0    Dex: 15    Spells: 4/13 levels left

rFire   . . .      SeeInvis .    o - +3 hand axe
rCold   . . .      Faith    .    (no shield)
rNeg    . . .      Spirit   .    a - +0 robe
rPois   .          Reflect  .    (no helmet)
rElec   .          Harm     .    p - +0 cloak
rCorr   .          Rampage  .    f - +0 pair of gloves
Will    .....                    (no boots)
Stlth   +++.......               (no amulet)
HPRegen 0.10/turn                (no ring)
MPRegen 0.13/turn                (no ring)

@: no status effects
A: small, no large weapons, nightstalker 3
a: Renounce Religion


You were on level 4 of the Dungeon.
You worshipped Kikubaaqudgha.
Kikubaaqudgha was noncommittal.
You visited 2 branches of the dungeon, and saw 5 of its levels.

You collected 200 gold pieces.

Inventory:

Hand Weapons
 o - a +3 hand axe (weapon)
Armour
 a - a +0 robe (worn)
 f - a +0 pair of gloves (worn)
 p - a +0 cloak (worn)
Scrolls
 e - 4 scrolls of teleportation
 j - 2 scrolls of poison
 l - 2 scrolls of fog
Potions
 b - 3 potions of magic
 c - 3 potions of brilliance
 d - a potion of mutation
 g - a potion of curing
 h - a potion of flight {unknown}
 i - a potion of invisibility
 k - a potion of cancellation
 m - 2 potions of heal wounds
 n - a potion of berserk rage {unknown}


   Skills:
 + Level 0.2 Fighting
 + Level 1.0 Short Blades
 + Level 0.1 Axes
 + Level 3.0 Dodging
 + Level 3.6 Stealth
 + Level 4.4 Spellcasting
 + Level 5.3 Summonings
 * Level 1.3 Necromancy


You had 4 spell levels left.
You knew the following spells:

 Your Spells              Type           Power      Damage    Failure   Level
a - Summon Small Mammal   Summ           92%        N/A       1%          1
b - Call Imp              Summ           23%        N/A       2%          2
c - Call Canine Familiar  Summ           23%        N/A       4%          3
d - Summon Guardian Gole  Hex/Summ       13%        N/A       14%         3

Your spell library contained the following spells:

 Spells                   Type           Power      Damage    Failure   Level
 Dazzling Flash           Conj/Hex       8%         N/A       38%         3
 Summon Lightning Spire   Summ/Air       13%        N/A       43%         4
 Agony                    Necr           8%         N/A       93%         5
 Silence                  Hex/Air        2%         N/A       98%         5


Dungeon Overview and Level Annotations

Branches:
Dungeon (4/15)             Temple (1/1) D:4

Altars:
Ashenzari
Cheibriados
Fedhas
Gozag
Hepliaklqana
Kikubaaqudgha
Nemelex Xobeh
Okawaru
Trog
Wu Jian
Xom
Yredelemnul
Zin
The Shining One


Innate Abilities, Weirdness & Mutations

You are small and have problems with some larger weapons.
You are completely attuned to the shadows.


Message History

You swap places.
You swap places.
An iguana comes into view.
You swap places.
You swap places.
The orc priest hits you with a +0 club.
You hit the orc priest.
The orc priest is lightly wounded.
Your hound misses the orc priest. The orc priest closely misses you.
A goblin comes into view. It is wielding a +0 dagger.
You hit the iguana but do no damage. You hit the orc priest.
Your hound closely misses the orc priest.
The orc priest closely misses you. The iguana barely misses you.
Your hound bites the orc priest.
Unknown command.
You hit the orc priest.
The orc priest is severely wounded.
You hit the iguana but do no damage.
Your hound bites the orc priest.
The orc priest dies!
Kikubaaqudgha accepts your kill. The iguana barely misses you.
Your hound bites the iguana but does no damage.
Your Short Blades skill increases to level 1!
You hit the iguana.
The iguana is moderately wounded.
Your hound closely misses the iguana.
The iguana bites you.
The goblin hits your guardian golem but does no damage.
Your hound barely misses the iguana.
The goblin hits your guardian golem with a +0 dagger.
The iguana misses you.
You hit the iguana.
The iguana is heavily wounded.
Your hound barely misses the iguana.
The iguana barely misses you.
The goblin hits your guardian golem but does no damage.
Your hound bites the iguana but does no damage.
Unknown command.
You barely miss the iguana.
The iguana is heavily wounded.
Your hound bites the iguana.
The iguana bites you!
You die...
Kikubaaqudgha rasps: "You have failed me!
Welcome... death!"

.....##.##.##.##...##
#..........##
#...........#
.####'###...........'
.......#............#
.......#............#
....g..#....##.....##
....9..#....##.....##
...h@..#.............
...l)..#.............
.......#.............
..##...###...#########
..##...####'###.....##
.......#......#.......
.......'......#.......
.......#......#.......
..##...###...##.....##


You could see an iguana (ally target), a goblin (ally target), a friendly
guardian golem (summoned) and a friendly hound (summoned, sheltered).

Vanquished Creatures
  A hound (D:4)
  4 adders
  A worm (D:4)
  2 dart slugs
  2 endoplasms
  2 giant cockroaches
  2 ball pythons
  A frilled lizard (D:3)
  A kobold (D:2)
  A rat (D:1)
17 creatures vanquished.

Vanquished Creatures (collateral kills)
  A jelly (D:4)
  An orc priest (D:4)
  Jessica (D:3)
  Natasha (D:2)
  An iguana (D:4)
  2 adders (D:4)
  A worm (D:3)
  A dart slug (D:1)
  6 ball pythons
  3 bats
  3 endoplasms
  3 giant cockroaches
  5 goblins
  5 hobgoblins
  5 frilled lizards
  5 kobolds
  A rat (D:1)
45 creatures vanquished.

Vanquished Creatures (others)
  An orc (D:4)
1 creature vanquished.

Grand Total: 63 creatures vanquished

Notes
Turn   | Place    | Note
-------+----------+-------------------------------------------
     0 | D:1      | LnG the Kobold Summoner began the quest for the Orb.
     0 | D:1      | Reached XP level 1. HP: 10/10 MP: 3/3
   129 | D:1      | Reached XP level 2. HP: 10/15 MP: 5/5
   666 | D:1      | Learned a level 2 spell: Call Imp
   841 | D:2      | Found a sparkling altar of Nemelex Xobeh.
   859 | D:2      | Reached XP level 3. HP: 19/19 MP: 3/6
   873 | D:2      | Learned a level 3 spell: Call Canine Familiar
  1834 | D:2      | Noticed Natasha
  1856 | D:2      | Killed Natasha
  1857 | D:2      | Reached XP level 4. HP: 24/24 MP: 1/8
  2359 | D:3      | Noticed Jessica
  2363 | D:3      | Killed Jessica
  2364 | D:3      | Reached XP level 5. HP: 28/28 MP: 6/10
  2369 | D:3      | Learned a level 3 spell: Summon Guardian Golem
  2591 | D:3      | Found an ancient bone altar of Kikubaaqudgha.
  2613 | D:3      | Found a snail-covered altar of Cheibriados.
  2614 | D:3      | Became a worshipper of Kikubaaqudgha
  2660 | D:3      | Found a shimmering altar of Xom.
  2861 | D:3      | Found a faded altar of an unknown god.
  3525 | D:4      | Reached skill level 5 in Summonings
  3716 | D:4      | Reached XP level 6. HP: 20/32 MP: 8/12
  3965 | D:4      | Found a staircase to the Ecumenical Temple.
  3971 | Temple   | Entered the Ecumenical Temple
  4194 | D:4      | Reached skill level 1 in Necromancy
  4350 | D:4      | Noticed a steam dragon
  4380 | D:4      | Reached skill level 1 in Short Blades
  4382 | D:4      | Slain by an iguana

Illustrated notes

Levels and vault maps discovered:
D:1:      onia_arrival_pyramid, layout_rooms, minmay_unequal
D:2:      layout_basic, basic_altar, uniq_natasha
D:3:      minmay_evil_eye, layout_loops_ring, mainiacjoe_overflow_brackets,
          mainiacjoe_overflow_divided_tiny,
          dreamdust_ecumenical_altar_angels_and_demons,
          nicolae_underground_beach, uniq_jessica
D:4:      layout_gridville, amcnicky_altar_gilded,
          minmay_temple_entry_large_hall, grunt_ministairs_4,
          kennysheep_cross_room, dk_noncrumbling_4
Temple:   bh_familiar_temple

Skill      XL: |  1  2  3  4  5  6 |
---------------+-------------------+-----
Stealth        | 3 |  3.6
Spellcasting   | 3 4 |  4.4
Summonings     | 5 |  5.3
Necromancy     | 1 |  1.3
Dodging        | 3 |  3.0
Short Blades   | 1 |  1.0
Fighting       | |  0.2
Axes           | |  0.1

Action                   |  1- 3 |  4- 6 || total
-------------------------+-------+-------++-------
Melee: Short sword       |    20 |    24 ||    44
       Hand axe          |       |    26 ||    26
 Cast: Summon Small Mamm |    32 |    20 ||    52
       Call Imp          |     3 |       ||     3
       Call Canine Famil |     9 |    19 ||    28
       Summon Guardian G |       |     2 ||     2
  Use: Scroll            |     1 |     8 ||     9
 Stab: Distracted        |     1 |     1 ||     2
Armor: Robe              |     6 |     5 ||    11
Dodge: Dodged            |    12 |    46 ||    58

Table legend: (Time is in decaauts)
 A = Elapsed time spent in this place.
 B = Non-inter-level travel time spent in this place.
 C = Inter-level travel time spent in this place.
 D = Time resting spent in this place.
 E = Time spent auto-exploring this place.
 F = Levels seen in this place.
 G = Mean time per level.
                   A        B        C        D        E       F      G
               +--------+--------+--------+--------+--------+-----+--------+
         Total |   4394 |   4230 |    164 |    651 |   1816 |   5 |  878.8 |
       Dungeon |   4191 |   4047 |    144 |    651 |   1638 |   4 | 1047.8 |
        Temple |    203 |    183 |     20 |      0 |    178 |   1 |  203.0 |
               +--------+--------+--------+--------+--------+-----+--------+

Top non-repeatable levels by time:
     D:2: 1424 daAuts
     D:3: 1294 daAuts
     D:1: 772 daAuts
     D:4: 700 daAuts
  Temple: 203 daAuts
